 Dungeon Crawl Stone Soup version 0.29-a0-330-g52719c12eb (webtiles) character file.

Game seed: 5421756674891665312

72 kae the Firebug (level 3, -1/37 HPs)
             Began as a Demigod Fire Elementalist on Apr 21, 2022.
             Slain by an orc wizard
             ... wielding a +0 dagger
              (4 damage)
             ... on level 2 of the Dungeon.
             The game lasted 00:00:46 (2630 turns).

kae the Firebug (Demigod Fire Elementalist)         Turns: 2630, Time: 00:00:47

Health: -1/37      AC:  2    Str:  9    XL:     3   Next: 82%
Magic:  4/9        EV: 12    Int: 21    God:
Gold:   111        SH:  0    Dex: 14    Spells: 0/6 levels left

rFire   . . .      SeeInvis .   j - +2 whip (venom)
rCold   . . .      Faith    .   (no shield)
rNeg    . . .      Spirit   .   a - +0 robe
rPois   .          Reflect  .   (no helmet)
rElec   .          Harm     .   (no cloak)
rCorr   .          Rampage  .   (no gloves)
Will    .....                   (no boots)
Stlth   ..........              (no amulet)
HPRegen 0.12/turn               (no ring)
MPRegen 0.11/turn               (no ring)

@: berserking, very quick
A: high MP 1, forlorn, divine attributes, deterioration 1, frail 1, devolution 1
a: no special abilities


You were on level 2 of the Dungeon.
You visited 1 branch of the dungeon, and saw 2 of its levels.

You collected 111 gold pieces.

Inventory:

Hand Weapons
 c - a +0 long sword
 j - a +2 whip of venom (weapon)
Armour
 a - a +0 robe (worn)
Jewellery
 n - a ring of wizardry
Scrolls
 d - 3 scrolls of identify {unknown}
 e - a scroll of noise {unknown}
 g - 2 scrolls of amnesia {unknown}
 h - a scroll of teleportation {unknown}
 i - a scroll of vulnerability {unknown}
 l - a scroll of fog {unknown}
Potions
 b - a potion of magic
 m - 2 potions of might {unknown}


   Skills:
 + Level 1.2 Fighting
 - Level 1.7 Dodging
 - Level 1.7 Stealth
 + Level 2.3 Spellcasting
 + Level 1.6 Conjurations
 * Level 3.5 Fire Magic


You couldn't memorise any spells.
You knew the following spells:

 Your Spells              Type           Power      Damage    Failure   Level
a - Foxfire               Conj/Fire      52%        2x1d6     4%          1
b - Scorch                Fire           34%        2d7       5%          2
c - Conjure Flame         Conj/Fire      13%        6-21      16%         3

Your spell library contained the following spells:

 Spells                   Type           Power      Damage    Failure   Level
 Static Discharge         Conj/Air       5%         N/A       16%         2
 Sublimation of Blood     Necr           2%         N/A       22%         2
 Inner Flame              Hex/Fire       9%         N/A       22%         3
 Flame Wave               Conj/Fire      13%        2d6       45%         4
 Sticky Flame             Conj/Fire      13%        2d4       45%         4
 Dispel Undead            Necr           2%         3d7       82%         4
 Petrify                  Tmut/Erth      2%         N/A       82%         4
 Irradiate                Conj/Tmut      2%         3d14      96%         5


Dungeon Overview and Level Annotations

Branches:
Dungeon (2/15)


Innate Abilities, Weirdness & Mutations

You have an increased reservoir of magic. (+10% MP)
You shall have no god before yourself.
Your divine heritage dramatically boosts your attributes as you level up.
Your body sometimes deteriorates upon taking damage.
You are frail. (-10% HP)
You have hidden genetic defects.


Message History

The orc wizard's fire resistance burns away.
Something hits you. Something hits you. The orc wizard casts a spell at you.
Casting: Scorch (safe; 5% risk of failure)
Confirm with . or Enter, or press ? or * to list all spells.
Flames lash the orc.
The orc is heavily wounded.
The orc's fire resistance burns away.
Something hits you.
The orc wizard gestures wildly while chanting.
The orc wizard flickers and vanishes!
Something hits you.
* * * LOW HITPOINT WARNING * * *
It was a potion of mutation.
You feel extremely strange.
You feel frail.
You feel a hidden malignance growing inside you.
You feel yourself wasting away. Something hits you.
* * * LOW HITPOINT WARNING * * *
It was a potion of berserk rage.
A red film seems to cover your vision as you go berserk!
You feel yourself moving faster!
You feel mighty!
The orc is no longer more vulnerable to fire.
Something hits you.
* * * LOW HITPOINT WARNING * * *
You are too berserk!
An orc is nearby!
You closely miss something. Something hits you but does no damage.
You miss something. Something hits you.
* * * LOW HITPOINT WARNING * * *
You miss something. You miss something. Something hits you.
* * * LOW HITPOINT WARNING * * *
You completely miss something. Something hits you but does no damage.
You miss something. You miss something. Something hits you.
* * * LOW HITPOINT WARNING * * *
You barely miss something. Something barely misses you.
You hit something. Something hits you.
You die...

######## .......#
.......# .......#
.......# #########
.......# #...@{{{#
.......# #''####o....
.......###♣♣♣..♣♣♣ ##.
.........#♣......♣
.........#♣.⌠##..♣#####
.........'..#..#..'..<#
.........'..#..#..'.###
.........#♣..##⌠.♣#.....#
........##♣......♣#######


You could see an orc.

Vanquished Creatures
  2 adders (D:2)
  2 worms (D:2)
  2 dart slugs
  An orc (D:2)
  4 endoplasms (D:2)
  4 giant cockroaches
  3 goblins
  4 hobgoblins
  3 quokkas (D:2)
  5 ball pythons
  4 frilled lizards
  3 kobolds (D:1)
  3 rats
40 creatures vanquished.

Vanquished Creatures (others)
  112 foxfires
112 creatures vanquished.

Grand Total: 152 creatures vanquished

Notes
Turn   | Place    | Note
-------+----------+-------------------------------------------
     0 | D:1      | kae the Demigod Fire Elementalist began the quest for the
                  | Orb.
     0 | D:1      | Reached XP level 1. HP: 14/14 MP: 5/5
    16 | D:1      | You fall into a shaft and drop 1 floor!
    28 | D:2      | Reached skill level 1 in Conjurations
   324 | D:2      | Reached skill level 3 in Fire Magic
   324 | D:2      | Reached XP level 2. HP: 22/22 MP: 2/7
  1054 | D:1      | Reached skill level 1 in Fighting
  1332 | D:1      | Reached XP level 3. HP: 12/28 MP: 6/8
  1903 | D:1      | Learned a level 2 spell: Scorch
  1907 | D:1      | Learned a level 3 spell: Conjure Flame
  2620 | D:2      | Gained mutation: You are frail. (-10% HP) [potion of
                  | mutation]
  2620 | D:2      | Gained mutation: You have hidden genetic defects. [potion
                  | of mutation]
  2620 | D:2      | Gained mutation: Your body sometimes deteriorates upon
                  | taking damage. [potion of mutation]
  2630 | D:2      | Slain by an orc wizard

Illustrated notes

Levels and vault maps discovered:
D:1:      dpeg_arrival_round_b, layout_loops_ring,
          shapermc_ecumenical_altar_totnotflames,
          hangedman_abyss_or_decor_lesser_grid, lemuel_flame_loot_1
D:2:      layout_basic, basic_altar, amcnicky_mini_pool_small,
          kennysheep_generic_room_7

Skill      XL: |  1  2 |
---------------+-------+-----
Conjurations   | 1 |  1.6
Fire Magic     | 3 |  3.5
Spellcasting   | 2 |  2.3
Fighting       | 1 |  1.2
Dodging        | |  1.7
Stealth        | |  1.7

Action                   || total
-------------------------++-------
Melee: Long sword        ||     7
       Whip              ||    33
       Punch             ||     1
 Cast: Foxfire           ||    68
       Scorch            ||     4
  Use: Potion            ||     2
Armor: Robe              ||     9
Dodge: Dodged            ||    25

Table legend: (Time is in decaauts)
 A = Elapsed time spent in this place.
 B = Non-inter-level travel time spent in this place.
 C = Inter-level travel time spent in this place.
 D = Time resting spent in this place.
 E = Time spent auto-exploring this place.
 F = Levels seen in this place.
 G = Mean time per level.
                   A        B        C        D        E       F      G
               +--------+--------+--------+--------+--------+-----+--------+
         Total |   2633 |   2559 |     74 |      0 |   2231 |   2 | 1316.5 |
       Dungeon |   2633 |   2559 |     74 |      0 |   2231 |   2 | 1316.5 |
               +--------+--------+--------+--------+--------+-----+--------+

Top non-repeatable levels by time:
     D:1: 1664 daAuts
     D:2: 968 daAuts
